 Dungeon Crawl Stone Soup version 0.31.0-11-ge490571c62 (webtiles) character file.

Game seed: 436262569190011282

396 qw the Skirmisher (level 6, 0/35 HPs)
             Began as a Deep Elf Hunter on Feb 4, 2024.
             Incinerated by a bombardier beetle (2 damage)
             ... with a burning spray
             ... on level 4 of the Dungeon.
             The game lasted 00:00:11 (3007 turns).

qw the Skirmisher (Deep Elf Hunter)                 Turns: 3007, Time: 00:00:11

Health: 0/35       AC:  6    Str: 10    XL:     6   Next: 52%
Magic:  8/8        EV: 11    Int: 14    God:
Gold:   140        SH:  0    Dex: 18    Spells: 5/5 levels left

rFire   . . .        a - +1 shortbow
rCold   . . .        (shield currently unavailable)
rNeg    . . .        g - +0 ring mail
rPois   .            c - +0 helmet
rElec   .            (no cloak)
rCorr   .            (no gloves)
SInv    .            (no boots)
Will    +....        l - amulet of faith
Stlth   +            f - ring of willpower
HPRegen 0.25/turn    (no ring)
MPRegen 0.11/turn

%: faith
@: on fire, glowing
A: no striking features
a: no special abilities


You were on level 4 of the Dungeon.
You visited 1 branch of the dungeon, and saw 4 of its levels.

You collected 140 gold pieces.


   Skills:
 - Level 2.1 Fighting
 - Level 10.1 Ranged Weapons
 + Level 2.4 Dodging
 - Level 1.2 Stealth


You had 5 spell levels left.
You didn't know any spells.
Your spell library was empty.

Inventory:

Hand Weapons
 a - a +1 shortbow (weapon)
Armour
 c - a +0 helmet (worn)
 g - a +0 ring mail (worn)
Jewellery
 d - a ring of fire
 f - a ring of willpower (left hand)
 h - a ring of ice
 k - a ring of ice
 l - an amulet of faith (around neck)
Scrolls
 i - a scroll of teleportation
 j - 2 scrolls of identify
 n - a scroll of fear {unknown}
Potions
 b - a potion of heal wounds {unknown}
 e - 3 potions of enlightenment
 m - 3 potions of curing {unknown}

Dungeon Overview and Level Annotations

Branches:
Dungeon (4/15)             Temple (0/1) D:4

Altars:
Elyvilon
Wu Jian


Message History

The arrow hits the bombardier beetle but does no damage.
The bombardier beetle is heavily wounded.
You shoot an arrow.
The arrow barely misses the bombardier beetle.
The bombardier beetle sprays incendiary fluid at you.
The burning spray hits you.
You are covered in liquid fire!
You shoot an arrow. The arrow hits the bombardier beetle.
The bombardier beetle is heavily wounded.
The liquid fire burns you!
The bombardier beetle sprays incendiary fluid at you.
The burning spray hits you.
You are even more covered in liquid fire!
You shoot an arrow. The arrow hits the bombardier beetle.
The bombardier beetle is severely wounded.
The liquid fire burns you!
You shoot an arrow. The arrow hits the bombardier beetle.
The bombardier beetle is almost dead.
The liquid fire burns you! The bombardier beetle bites you.
You shoot an arrow.
The arrow barely misses the bombardier beetle.
The liquid fire burns you!
You shoot an arrow.
The arrow barely misses the bombardier beetle.
The liquid fire burns you!
The bombardier beetle barely misses you.
You shoot an arrow. The arrow hits the bombardier beetle.
You kill the bombardier beetle!
The liquid fire burns you!
Your Ranged Weapons skill increases to level 10!
You are on fire!
The liquid fire burns you!
You are on fire!
The liquid fire burns you!
You are on fire!
The liquid fire burns you!
You are on fire!
The liquid fire burns you!
You die...

##.......##.#..#.#...#.#..#..#
%........##.+##+.#._.#.+##'.##
###########.# .#...#.#..#..#
##.......##.#. .+...+.#..#..#
##........#.+. ###+###'..+..#
##........#.#.. .......#..#..#
..........# ..#.......#..#..#
..........#.###)###+###'###..#
..........#.....@........#...#
##########################


There were no monsters in sight!

Vanquished Creatures
  An ogre (D:4)
  A bullfrog (D:4)
  3 bombardier beetles (D:4)
  An orc priest (D:3)
  5 adders
  3 ribbon worms
  7 orcs
  8 ball pythons
  8 endoplasms
  3 giant cockroaches (D:1)
  4 goblins
  8 hobgoblins
  2 kobolds (D:1)
  A quokka (D:1)
  2 bats
  6 frilled lizards
  4 rats
67 creatures vanquished.

Notes
Turn   | Place    | Note
-------+----------+-------------------------------------------
     0 | D:1      | qw the Deep Elf Hunter began the quest for the Orb.
     0 | D:1      | Reached XP level 1. HP: 12/12 MP: 3/3
     0 | D:1      | 0 ||| qw: Version: 0.3-a-160-g6735b56
     0 | D:1      | 0 ||| qw: Game counter: 4939
     0 | D:1      | 0 ||| qw: Melee chars always use a shield: true
     0 | D:1      | 0 ||| qw: God list: Okawaru
     0 | D:1      | 0 ||| qw: Allow faded altars: false
     0 | D:1      | 0 ||| qw: Do Orc after clearing Dungeon:15 true
     0 | D:1      | 0 ||| qw: Do second Lair branch before Depths: true
     0 | D:1      | 0 ||| qw: Lair rune preference: random
     0 | D:1      | 0 ||| qw: Goals: Normal
     0 | D:1      | 0 ||| PLANNING D:1-11
   145 | D:1      | Reached skill level 6 in Ranged Weapons
   145 | D:1      | Reached XP level 2. HP: 16/16 MP: 4/4
   797 | D:1      | Reached XP level 3. HP: 20/20 MP: 5/5
   947 | D:1      | 947 ||| UPGRADING to +0 ring mail.
   957 | D:1      | 957 ||| DROPPING +0 leather armour.
   958 | D:1      | 958 ||| DROPPING ring of wizardry.
   959 | D:1      | 959 ||| READING 3 scrolls labelled MYHOAMAF WIAKHLANNI.
   959 | D:1      | 959 ||| IDENTIFYING 3 bubbling white potions
   960 | D:1      | 960 ||| DROPPING scroll of butterflies.
  1003 | D:2      | Found a faded altar of an unknown god.
  1333 | D:2      | Reached skill level 7 in Ranged Weapons
  1528 | D:2      | Found an ornate altar of the Wu Jian Council.
  1776 | D:2      | Reached XP level 4. HP: 25/25 MP: 6/6
  1853 | D:2      | 1853 ||| UPGRADING to amulet of faith.
  1858 | D:2      | 1858 ||| READING 2 scrolls of identify.
  1858 | D:2      | 1858 ||| IDENTIFYING fizzy dark potion
  1859 | D:2      | 1859 ||| READING scroll of identify.
  1859 | D:2      | 1859 ||| IDENTIFYING white potion
  1860 | D:2      | 1860 ||| READING 3 scrolls labelled AGI TAREONNEUF.
  1864 | D:2      | 1864 ||| DROPPING potion of berserk rage.
  1865 | D:2      | 1865 ||| DROPPING potion of attraction.
  2466 | D:3      | Reached skill level 8 in Ranged Weapons
  2468 | D:3      | HP: 5/23 [orc/+0 hand axe (2)]
  2469 | D:3      | 2469 ||| READING 2 scrolls of teleportation.
  2669 | D:3      | 2669 ||| UPGRADING to +0 helmet.
  2674 | D:3      | 2674 ||| UPGRADING to ring of willpower.
  2675 | D:3      | 2675 ||| READING scroll of identify.
  2675 | D:3      | 2675 ||| IDENTIFYING blue potion
  2676 | D:3      | 2676 ||| READING scroll labelled UFEHEPR DASEOGROMO.
  2676 | D:3      | 2676 ||| ENCHANTING +0 shortbow.
  2677 | D:3      | 2677 ||| READING scroll labelled NACA LEPNETTINK.
  2678 | D:3      | 2678 ||| DROPPING potion of brilliance.
  2714 | D:4      | 2714 ||| PLANNING OSSUARY
  2721 | D:4      | Reached XP level 5. HP: 27/27 MP: 7/7
  2800 | D:4      | Reached skill level 9 in Ranged Weapons
  2906 | D:4      | Reached XP level 6. HP: 35/35 MP: 8/8
  2915 | D:4      | Found a staircase to the Ecumenical Temple.
  2952 | D:4      | Found a white marble altar of Elyvilon.
  3004 | D:4      | Reached skill level 10 in Ranged Weapons
  3005 | D:4      | HP: 5/35 [burnt (4)]
  3006 | D:4      | HP: 1/35 [burnt (4)]
  3007 | D:4      | Incinerated by a bombardier beetle

Levels and vault maps discovered:
D:1:      dpeg_arrival_three_same_balls, layout_basic, minmay_cut_off
D:2:      layout_loops_corners, nicolae_ecumenical_oubliette, basic_altar,
          serial_bayou_pond_d, corexii_item_surrounded_by_moat
D:3:      layout_loops_ring
D:4:      layout_gridville, mainiacjoe_overflow_24_doors,
          minmay_temple_entry_slanted, mainiacjoe_ossuary_entry_find_the_door

Skill      XL: |  1  2  3  4  5  6 |
---------------+-------------------+-----
Ranged Weapons | 6 7 8 9 10 | 10.1
Fighting       | 2 |  2.1
Dodging        | |  2.4
Stealth        | |  1.2

Action                     |  1- 3 |  4- 6 || total
---------------------------+-------+-------++-------
   Fire: Shortbow          |    91 |   110 ||   201
    Use: Scroll            |     1 |     7 ||     8
 Armour: Leather armour    |     5 |       ||     5
         Ring mail         |     2 |    20 ||    22
  Dodge: Dodged            |    14 |    16 ||    30

Table legend:
 A = Non-vault XP
 B = Vault XP
 C = Vault XP percentage of total XP
 D = Non-vault monster count
 E = Vault monster count
 F = Vault count percentage of total count
                 A         B        C        D         E       F
            +---------+---------+-------+---------+---------+-------
      Total |     564 |       3 |   0.5 |      65 |       2 |   3.0
            +---------+---------+-------+---------+---------+-------
        D:1 |      42 |       3 |   6.7 |      25 |       2 |   7.4
        D:2 |      59 |       0 |   0.0 |      12 |       0 |   0.0
        D:3 |      84 |       0 |   0.0 |      16 |       0 |   0.0
        D:4 |     379 |       0 |   0.0 |      12 |       0 |   0.0
            +---------+---------+-------+---------+---------+-------
